 Dungeon Crawl Stone Soup version 0.23-a0-586-gacb4b3f (console) character file.

665629 Duffy the Sorcerer (level 27, -13/244 (248) HPs)
             Began as a Naga Wizard on Dec 19, 2018.
             Was the Champion of Vehumet.
             Blown up by Jent the pandemonium lord (31 damage)
             ... with a wavering orb of destruction
             ... while paralysed by Gomyfe
             ... on level 16 of a ziggurat.
             The game lasted 02:51:41 (83634 turns).

Duffy the Sorcerer (Naga Wizard)                   Turns: 83634, Time: 02:51:42

HP:   -13/244 (248) AC: 35    Str: 18    XL:     27
MP:   62/62         EV:  1    Int: 41    God:    Vehumet [******]
Gold: 5699          SH:  0    Dex: 16    Spells: 17/79 levels left

rFire    + . .     SeeInvis +   a - staff of conjuration {!a}
rCold    . . .     Gourm    .   n - +18 shield of the Gong {rElec rN+ MR+ EV-5}
rNeg     + + .     Faith    .   D - +2 robe {Archmagi}
rPois    +         Spirit   .   O - +2 helmet of Hedging {rElec MR- Str+7 Int+4}
rElec    +         Reflect  .   X - +2 cloak {MR+}
rCorr    .         Harm     .   q - +2 pair of gloves
MR       ++++.                  T - +4 naga barding {Stlth+}
Stlth    +++.......             r - macabre finger necklace {rN+}
HPRegen  0.50/turn              t - ring of protection from cold
MPRegen  0.38/turn              x - ring "Xyutick" {Fire MP+9 Int+8 Dex+3 Slay-3}
                                j - +6 ring of protection

@: paralysed, lethally poisoned (-13 -> -15), very slightly contaminated, very
slow
A: large, see invisible, agile 1, deformed body, mutation resistance 1, poison
resistance, slowness 2, slow metabolism 1, spit poison 1, constrict 1, AC +9
}: 4/15 runes: serpentine, barnacled, slimy, silver
a: Spit Poison, Renounce Religion


You were on level 16 of a ziggurat.
You worshipped Vehumet.
Vehumet was exalted by your worship.
You were not hungry.

You visited 11 branches of the dungeon, and saw 53 of its levels.
You visited 1 ziggurat, and saw 16 of its levels.
You also visited: Ice Cave and Wizlab.

You collected 7683 gold pieces.
You spent 1984 gold pieces at shops.

Inventory:

Hand Weapons
 f - the +3 Elemental Staff {rElec rF++ rC++ MR++ AC+5}
   (You found it on level 5 of the Vaults)

   It affects your AC (+5).
   It greatly protects you from fire.
   It greatly protects you from cold.
   It insulates you from electricity.
   It affects your resistance to hostile enchantments.
Armour
 n - the +18 shield of the Gong (worn) {rElec rN+ MR+ EV-5}
   (You found it on level 4 of a ziggurat)

   It affects your evasion (-5).
   It insulates you from electricity.
   It protects you from negative energy.
   It affects your resistance to hostile enchantments.
 q - a +2 pair of gloves (worn)
 D - a +2 robe of the Archmagi (worn)
 O - the +2 helmet of Hedging (worn) {rElec MR- Str+7 Int+4}
   (You found it on level 5 of the Pits of Slime)

   It affects your strength (+7).
   It affects your intelligence (+4).
   It insulates you from electricity.
   It affects your resistance to hostile enchantments.
 T - a +4 naga barding of stealth (worn)
 X - a +2 cloak of magic resistance (worn)
Magical Staves
 a - an uncursed staff of conjuration (weapon) {!a}
 b - an uncursed staff of energy {!a}
 h - an uncursed staff of wizardry {!a}
Jewellery
 j - a +6 ring of protection (on amulet)
 r - the macabre finger necklace (around neck) {rN+}
   (You found it on level 12 of a ziggurat)

   [amulet of nothing]

   It protects you from negative energy.
 t - a ring of protection from cold (left hand)
 x - the ring "Xyutick" (right hand) {Fire MP+9 Int+8 Dex+3 Slay-3}
   (You took it off an orc wizard on level 8 of the Dungeon)

   [ring of fire]

   It enhances your fire magic.
   It affects your intelligence (+8).
   It affects your dexterity (+3).
   It affects your accuracy and damage with ranged weapons and melee attacks
   (-3).
   It protects you from fire.
   It makes you vulnerable to cold.
   It affects your magic capacity (+9).
 y - the amulet of Foankaeg {RegenMP Stlth+}
   (You took it off a tengu reaver on level 5 of the Vaults)

   [amulet of magic regeneration]

   It increases your magic regeneration.
   It makes you more stealthy.
 E - the amulet of the Four Winds {rN+ MR+++ Clar}
   (You found it on level 15 of a ziggurat)

   [amulet of nothing]

   It protects you from negative energy.
   It affects your resistance to hostile enchantments.
   It protects you against confusion.
Wands
 c - a wand of acid (35)
 P - a wand of iceblast (33)
 U - a wand of digging (18)
Scrolls
 e - 11 scrolls of remove curse
 g - 6 scrolls of enchant armour
 i - 3 scrolls of magic mapping
 p - 20 scrolls of teleportation
 s - 8 scrolls of immolation
 B - 17 scrolls of blinking
 K - 6 scrolls of summoning
 L - 11 scrolls of fear
 N - 9 scrolls of fog
 Y - 6 scrolls of identify
Potions
 k - 3 potions of mutation
 m - 18 potions of curing
 u - 6 potions of haste
 v - 6 potions of resistance
 w - 8 potions of agility
 z - 2 potions of invisibility
 A - 6 potions of magic
 F - 5 potions of brilliance
 G - 11 potions of heal wounds
 J - 3 potions of ambrosia
 S - 4 potions of cancellation
Miscellaneous
 l - 2 phantom mirrors
 o - 3 boxes of beasts
 R - a fan of gales
Comestibles
 d - 60 rations
 C - 2 chunks of flesh


   Skills:
 - Level 15.0 Fighting
 - Level 10.0 Dodging
 - Level 3.0 Stealth
 - Level 9.0 Shields
 + Level 26.8 Spellcasting
 - Level 16.1 Conjurations
 - Level 5.0 Charms
   Level 1.0 Summonings
 - Level 6.0 Necromancy
 - Level 16.0 Translocations
 - Level 16.6 Fire Magic
 - Level 3.8 Ice Magic
 - Level 16.2 Earth Magic
 - Level 10.0 Evocations


You had 17 spell levels left.
You knew the following spells:

 Your Spells              Type           Power        Failure   Level  Hunger
a - Apportation           Tloc           ######       0%          1    None
b - Sublimation of Blood  Necr           ########..   1%          2    None
c - Controlled Blink      Tloc           N/A          2%          8    None
g - Shatter               Erth           ########..   11%         9    None
h - Bolt of Fire          Conj/Fire      #########.   1%          6    None
i - Ignition              Fire           #########.   1%          8    None
j - Lehudib's Crystal Sp  Conj/Erth      #########.   1%          8    None
m - Deflect Missiles      Chrm/Air       #######...   16%         6    None
n - Glaciate              Conj/Ice       ########..   73%         9    None
y - Regeneration          Chrm/Necr      ########..   1%          3    None
B - Blink                 Tloc           N/A          0%          2    None

Your spell library contained the following spells:

 Spells                   Type           Power        Failure   Level  Hunger
 Chain Lightning          Conj/Air       ########..   17%         8    None
 Magic Dart               Conj           ####         0%          1    None
 Sandblast                Erth           ######       0%          1    None
 Sting                    Conj/Pois      ####         0%          1    None
 Passwall                 Tmut/Erth      ########     0%          2    None
 Searing Ray              Conj           ######       0%          2    None
 Shroud of Golubria       Chrm/Tloc      ########..   0%          2    None
 Throw Flame              Conj/Fire      ######       0%          2    None
 Throw Frost              Conj/Ice       ######       0%          2    None
 Conjure Flame            Conj/Fire      ########     0%          3    None
 Gell's Gravitas          Tloc           ########..   0%          3    None
 Lesser Beckoning         Tloc           ########..   0%          3    None
 Stone Arrow              Conj/Erth      ######       0%          3    None
 Teleport Other           Tloc           ########     0%          3    None
 Force Lance              Conj/Tloc      ########     0%          4    None
 Iskenderun's Mystic Bla  Conj           ########     0%          4    None
 Passage of Golubria      Tloc           N/A          0%          4    None
 Bolt of Magma            Conj/Fire/Erth #########.   0%          5    None
 Lee's Rapid Deconstruct  Erth           ########..   0%          5    None
 Animate Skeleton         Necr           N/A          1%          1    None
 Beastly Appendage        Tmut           ######       1%          1    None
 Confusing Touch          Hex            ######       1%          1    None
 Corona                   Hex            ######.      1%          1    None
 Freeze                   Ice            ####         1%          1    None
 Infusion                 Chrm           ####         1%          1    None
 Pain                     Necr           ####         1%          1    None
 Summon Butterflies       Summ           #######.     1%          1    None
 Summon Small Mammal      Summ           ####         1%          1    None
 Call Imp                 Summ           #######.     1%          2    None
 Corpse Rot               Necr           N/A          1%          2    None
 Ensorcelled Hibernation  Hex/Ice        ######       1%          2    None
 Poisonous Vapours        Pois/Air       ######       1%          2    None
 Slow                     Hex            ######..     1%          2    None
 Sticks to Snakes         Tmut           ######..     1%          2    None
 Swiftness                Chrm/Air       #######.     1%          2    None
 Call Canine Familiar     Summ           #######.     1%          3    None
 Confuse                  Hex            ######..     1%          3    None
 Dazzling Spray           Conj/Hex       ######       1%          3    None
 Ignite Poison            Fire/Tmut/Pois ########     1%          3    None
 Inner Flame              Hex/Fire       ########     1%          3    None
 Mephitic Cloud           Conj/Pois/Air  ########     1%          3    None
 Ozocubu's Armour         Chrm/Ice       #######.     1%          3    None
 Portal Projectile        Hex/Tloc       ######       1%          3    None
 Recall                   Summ/Tloc      N/A          1%          3    None
 Spider Form              Tmut/Pois      ######....   1%          3    None
 Summon Guardian Golem    Hex/Summ       ######..     1%          3    None
 Tukima's Dance           Hex            ######..     1%          3    None
 Vampiric Draining        Necr           ########..   1%          3    None
 Animate Dead             Necr           N/A          1%          4    None
 Fulminant Prism          Conj/Hex       ########..   1%          4    None
 Ice Form                 Ice/Tmut       #######.     1%          4    None
 Leda's Liquefaction      Hex/Erth       ########..   1%          4    None
 Olgreb's Toxic Radiance  Pois           ######..     1%          4    None
 Petrify                  Tmut/Erth      ########     1%          4    None
 Summon Ice Beast         Ice/Summ       #######.     1%          4    None
 Throw Icicle             Conj/Ice       ########     1%          4    None
 Agony                    Necr           ########     1%          5    None
 Bolt of Draining         Conj/Necr      ########..   1%          5    None
 Borgnjor's Vile Clutch   Necr/Erth      ########..   1%          5    None
 Dispel Undead            Necr           ########     1%          5    None
 Excruciating Wounds      Chrm/Necr      ########..   1%          5    None
 Irradiate                Conj/Tmut      ########..   1%          5    None
 Summon Forest            Summ/Tloc      ########..   1%          5    None
 Venom Bolt               Conj/Pois      ########..   1%          5    None
 Bolt of Cold             Conj/Ice       ########..   1%          6    None
 Freezing Cloud           Conj/Ice/Air   ########..   1%          6    None
 Iron Shot                Conj/Erth      #########.   1%          6    None
 Statue Form              Tmut/Erth      ########.    1%          6    None
 Summon Lightning Spire   Summ/Air       ######..     2%          4    None
 Yara's Violent Unravell  Hex/Tmut       ######....   2%          5    None
 Ozocubu's Refrigeration  Ice            #######...   2%          6    None
 Cause Fear               Hex            ######....   3%          4    None
 Metabolic Englaciation   Hex/Ice        #######...   3%          5    None
 Death Channel            Necr           ########..   3%          6    None
 Ring of Flames           Chrm/Fire      ########..   3%          7    None
 Aura of Abjuration       Summ           #######...   5%          5    None
 Summon Demon             Summ           #######...   5%          5    None
 Simulacrum               Ice/Necr       #######...   6%          6    None
 Summon Mana Viper        Hex/Summ       ######..     7%          5    None
 Malign Gateway           Summ/Tloc      ########..   8%          7    None
 Alistair's Intoxication  Tmut/Pois      ######..     9%          5    None
 Blade Hands              Tmut           ######....   9%          5    None
 Silence                  Hex/Air        ######....   9%          5    None
 Shadow Creatures         Summ           N/A          30%         6    None
 Darkness                 Hex            ######....   41%         6    None
 Hydra Form               Tmut           ######....   41%         6    None
 Invisibility             Hex            ######..     41%         6    None
 Haunt                    Necr/Summ      #######...   52%         7    None
 Summon Hydra             Summ           #######...   86%         7    None
 Borgnjor's Revivificati  Necr           ########..   86%         8    None
 Infestation              Necr           ########..   86%         8    None
 Death's Door             Chrm/Necr      ########..   90%         8    None
 Dragon Form              Tmut           ######....   94%         7    None
 Necromutation            Tmut/Necr      #######...   99%         8    None
 Discord                  Hex            ######....   100%        8    None
 Dragon's Call            Summ           #######...   100%        9    None


Dungeon Overview and Level Annotations

Branches:
Dungeon (15/15)            Temple (1/1) D:7            Lair (6/6) D:8
 Shoals (4/4) Lair:2        Snake (4/4) Lair:3        Slime (5/5) Lair:6
    Orc (2/2) D:9             Elf (3/3) Orc:2        Vaults (5/5) D:13
  Crypt (3/3) Vaults:2       Tomb (0/3) Crypt:3      Depths (5/5) D:15
    Zot (0/5) Depths:5

Altars:
Ashenzari
Cheibriados
Dithmenos
Elyvilon
Fedhas
Gozag
Hepliaklqana
Kikubaaqudgha
Makhleb
Nemelex Xobeh
Okawaru
Qazlal
Ru
Sif Muna
Trog
Uskayaw
Vehumet
Wu Jian
Xom
Yredelemnul
Zin
The Shining One
Beogh
Jiyva
Lugonu

Shops:
D:7 =   D:12 ([}   Orc:2 %*}:?   Elf:1 [}:   Elf:2 (*   Shoals:1 (   Shoals:2 *
Shoals:3 *   Snake:1 *   Vaults:5 [

Portals:
Hell: Depths:1 Depths:2 Depths:4 Depths:5
Abyss: Depths:4 Depths:5
Pandemonium: Depths:4
Trove: D:13 (give 8 potions of agility)


Innate Abilities, Weirdness & Mutations

You cannot wear boots.
Your serpentine skin is tough. (AC +9)
You have supernaturally acute eyesight. (SInv)
Armour fits poorly on your strangely shaped body.
Your system is resistant to poisons. (rPois)
You cover ground very slowly.
You have a slow metabolism.
You can spit poison.
You can use your snake-like lower body to constrict enemies.
You are agile. (Dex +2)
You are somewhat resistant to further mutation.


Message History

Iphuu gestures.
Duress hits you but does no damage.
The dire elephant tramples you but does no damage.
The dire elephant trunk-slaps you but does no damage.
The apocalypse crab bites you but does no damage.
The apocalypse crab completely misses you.
Boaskib gestures.
The Tzitzimitl calls on the powers of darkness!
The Killer Klown convulses!
The redback convulses!
Your body is wracked with pain!
The iron troll convulses!
The Killer Klown convulses!
The dire elephant convulses!
The satyr convulses!
Gomyfe hits you!! Gomyfe freezes you.
The iron troll bites you but does no damage.
The iron troll claws you!! The iron troll completely misses you.
Some of the chunks of flesh in your inventory have rotted away.
You feel sick.
The hell rat disappears in a puff of smoke!
Siej gestures.
Jent conjures a glowing orb.
The wavering orb of destruction weakly hits you!
You die...

..............
##......................
#.......................
#)$.....................
#=):)...................
##$\$:.........#.........
#?|>:=.2.rr2..###&.......
#?\?t&&Ys&....#.........
#|[|cT@&p&r0............
#...%&.ptss100..........
#.......4.0s\0..........
##.........000..........
##.....................
##....................
##...................
##.................#
###...........###


You could see Boaskib, Duress, Gomyfe, Iphuu, Jent, Siej, 2 Killer Klowns, a
dire elephant, a Tzitzimitl, an iron troll, a hell beast, a lorocyproca
(invisible), a satyr shaped shifter, a demonic crawler, 2 apocalypse crabs, a
jumping spider, a red devil, 2 redbacks and 3 hell rats.

Vanquished Creatures
  the Royal Jelly (Slime:5)
  5 ancient liches
  A greater mummy (Zig:9)
  2 pandemonium lords
  A Killer Klown (Zig:5)
  Saint Roka (Elf:3)
  4 golden dragons
  Nikola (Snake:2)
  3 bone dragons
  2 doom hounds (Zig:14)
  5 tentacled monstrosities (Vaults:5)
  2 Ice Fiends
  Rupert (D:15)
  Asterion (Elf:1)
  A deep elf blademaster (Elf:3)
  31 acid blobs
  2 liches (Crypt:3)
  5 titans
  2 quicksilver dragons (Vaults:5)
  3 deep elf master archers
  4 tentacled starspawn
  8 ancient champions
  7 shadow dragons
  An eldritch tentacle (WizLab)
  7 sphinxes
  6 storm dragons
  A revenant (Zig:10)
  Kirke (D:12)
  Roxanne (Snake:1)
  8 tengu reavers
  11 nagarajas
  17 fire giants
  Ilsuiw (Shoals:2)
  16 azure jellies
  6 frost giants
  2 draconian monks
  8 vault wardens
  6 iron dragons
  9 deep elf elementalists
  Louise (D:13)
  A caustic shrike zombie (Zig:7)
  2 curse skulls
  2 orc warlords
  11 deep elf sorcerers
  A spriggan defender (Depths:4)
  3 reapers
  A draconian stormcaller (Depths:5)
  A ghoul (Zig:10)
  13 ironheart preservers
  The ghost of Wosoitawn the Eclecticist, an adept DESu of Vehumet (Snake:4)
  A war gargoyle (Vaults:5)
  14 very ugly things
  22 stone giants
  8 vampire knights
  Nessos (D:14)
  9 deep elf demonologists
  A purple draconian (Zig:3)
  10 deep elf annihilators
  A red draconian (Zig:3)
  The ghost of Acyxumon the Cleaver, a journeyman DDFi of Makhleb (D:15)
  2 black draconians (Depths:5)
  Azrael (Elf:1)
  3 white draconians
  2 yellow draconians
  3 spark wasps (Depths:2)
  A crystal guardian (Vaults:5)
  14 ettins
  2 blizzard demons
  9 eidola
  5 merfolk javelineers
  7 deep elf death magi
  A mummy priest (Zig:9)
  Snorg (D:11)
  A green death (Crypt:3)
  9 deep elf high priests
  8 merfolk impalers
  Josephine (D:11)
  8 death oozes
  4 jiangshi (Depths:4)
  Fannar (Lair:2)
  11 fire dragons
  18 yaktaur captains
  11 great orbs of eyes
  6 rakshasas
  9 ice dragons
  13 naga warriors
  10 hydras
  17 anacondas
  A quicksilver dragon skeleton (Zig:14)
  A catoblepas (shapeshifter) (Zig:16)
  25 vault guards
  A satyr (Shoals:3)
  2 catoblepae
  3 alligator snapping turtles
  2 spriggan air magi
  3 merfolk avatars
  4 merfolk aquamancers
  2 shambling mangroves (Zig:6)
  5 death knights
  9 centaur warriors
  33 dancing weapons
  Erica (D:9)
  9 deep troll earth magi
  2 alligators (Zig:6)
  13 deep troll shamans
  52 two-headed ogres
  8 tengu warriors
  16 ogre magi
  5 spriggan berserkers
  6 death yaks
  3 hell hogs
  7 thrashing horrors
  11 orc high priests
  10 vampire magi
  2 shock serpents
  12 naga sharpshooters
  8 hell knights
  3 soul eaters
  2 wretched stars (Zig:12)
  27 deep elf knights
  4 iron trolls (Depths:1)
  8 salamander mystics
  A sixfirhy (Zig:12)
  A titan skeleton (Vaults:4)
  52 skeletal warriors
  2 storm dragon skeletons (Crypt:3)
  8 shadow wraiths
  2 death drakes (shapeshifter) (Vaults:5)
  19 deep trolls
  A deep troll (shapeshifter) (Depths:4)
  An entropy weaver zombie (Crypt:3)
  7 flayed ghosts
  5 unseen horrors
  10 starcursed masses
  3 golden dragon zombies (Zig:14)
  16 sea snakes
  25 deep elf archers
  4 naga ritualists
  22 orc knights
  An anaconda skeleton (Crypt:3)
  9 glowing orange brains
  A kraken simulacrum (Shoals:4)
  3 wizards
  An orange crystal statue (Zig:2)
  An obsidian statue (WizLab)
  3 golden dragon skeletons
  5 lindwurms
  A lindwurm (shapeshifter) (Vaults:2)
  11 ironbrand convokers
  A shadow dragon zombie (Crypt:3)
  4 necromancers
  10 phantasmal warriors
  20 harpies
  2 orb spiders (shapeshifter)
  10 mana vipers
  70 ugly things
  A shadow dragon skeleton (Zig:14)
  75 deep elf magi
  5 shining eyes
  A shining eye (shapeshifter) (Depths:2)
  7 wolf spiders
  12 cyclopes
  2 frost giant zombies
  9 fauns
  A wolf spider zombie (D:14)
  A fire giant zombie (Zig:9)
  A tengu skeleton (Vaults:4)
  4 orc sorcerers
  5 oklob plants
  2 stone giant zombies
  9 manticores
  2 sphinx skeletons
  125 slime creatures
  2 elephants (shapeshifter) (Vaults:5)
  2 worldbinders (WizLab)
  19 salamanders
  5 centaur zombies
  2 iron dragon skeletons (Crypt:3)
  8 elephants
  2 frost giant skeletons
  2 ice statues (IceCv)
  28 black mambas
  8 merfolk sirens
  9 guardian serpents
  4 fire giant skeletons
  4 stone giant skeletons
  26 naga magi
  2 eyes of devastation
  A torpor snail (Lair:5)
  7 spiny frogs
  An apocalypse crab (Zig:12)
  2 water nymphs
  6 smoke demons
  4 rust devils (Depths:5)
  An orange demon (WizLab)
  11 vault sentinels
  2 elf zombies
  A hellion (Zig:15)
  A gargoyle (D:14)
  A rime drake (Lair:5)
  3 efreet
  A spriggan zombie (Zig:7)
  3 demonspawn skeletons
  11 komodo dragons
  41 yaktaurs
  14 ice devils
  2 demonic crawlers
  A redback zombie (D:15)
  9 freezing wraiths
  A yellow draconian skeleton (Crypt:3)
  2 tormentors
  2 spriggan skeletons
  4 tengu conjurers
  4 polar bears
  5 guardian mummies
  6 meliai
  2 jumping spiders (shapeshifter)
  4 ancient zymes
  A meliai (shapeshifter) (Depths:4)
  2 hellwings
  39 merfolk
  8 trolls
  8 wind drakes
  A silent spectre (Zig:14)
  A wind drake (shapeshifter) (Depths:2)
  5 raiju
  34 blink frogs
  15 hippogriffs
  9 hornets
  15 dream sheep
  2 fire dragon skeletons (Crypt:3)
  15 snapping turtles
  3 spriggans
  2 ettin skeletons (Crypt:3)
  A redback (shapeshifter) (Crypt:3)
  A satyr skeleton (Crypt:3)
  A ynoxinul (Zig:12)
  An ice dragon skeleton (Crypt:3)
  21 large abominations
  4 shadows
  9 flying skulls (Crypt:3)
  A vampire (Zig:15)
  4 air elementals
  45 yaks
  A yak (shapeshifter) (Vaults:1)
  26 water elementals
  9 wraiths
  9 fire elementals
  3 fire bats
  4 hogs (D:12)
  19 golden eyes
  3 basilisks
  A golden eye (shapeshifter) (Zig:16)
  10 vampire mosquitoes
  7 spatial vortices (WizLab)
  3 chaos spawn
  3 neqoxecs
  13 wargs
  3 hungry ghosts
  42 nagas
  4 insubstantial wisps
  A soldier ant (shapeshifter) (Depths:2)
  2 soldier ants
  5 hell hounds
  15 water moccasins
  An acid dragon (D:14)
  A merfolk skeleton (Crypt:3)
  8 porcupines
  2 spiny frog skeletons (Crypt:3)
  A floating eye (Lair:1)
  A human zombie (Vaults:4)
  5 ice beasts
  49 orc warriors
  4 sky beasts
  2 necrophages (Zig:14)
  4 black bears
  10 small abominations
  7 wolves
  2 tengu (shapeshifter) (Vaults:5)
  49 ogres
  4 phantoms
  A boggart (shapeshifter) (Vaults:5)
  29 centaurs
  A manticore skeleton (Crypt:2)
  7 boggarts
  13 eyes of draining
  The ghost of mopl the Chopper, an amateur DsFi (D:3)
  A snapping turtle skeleton (Crypt:3)
  8 crocodiles
  A crocodile (shapeshifter) (Elf:2)
  2 big kobolds
  4 earth elementals
  19 bullfrogs
  A wyvern zombie (D:13)
  A water moccasin zombie (D:7)
  5 scorpions
  4 killer bees
  4 wights
  2 human simulacra
  9 howler monkeys
  18 crimson imps
  A quasit (D:7)
  9 hounds
  2 bullfrog zombies (D:13)
  A jelly (shapeshifter) (Vaults:2)
  7 jellies
  4 centaur skeletons
  An iron imp (WizLab)
  61 orc priests
  22 orc wizards
  A bullfrog skeleton (D:7)
  2 human skeletons
  7 iguanas
  7 hell rats
  A lightning spire (Zig:7)
  7 worker ants
  A killer bee zombie (Crypt:3)
  A naga zombie (Crypt:3)
  2 hound skeletons
  A hound zombie (Crypt:1)
  20 mummies
  2 worker ant zombies
  18 adders
  An adder (shapeshifter) (Vaults:5)
  4 gnolls (D:5)
  8 shadow imps
  5 white imps (IceCv)
  6 ufetubi (IceCv)
  An adder zombie (D:8)
  An adder skeleton (D:8)
  An iguana skeleton (Crypt:3)
  2 lava snake skeletons (Crypt:1)
  3 worms
  4 leopard geckos
  128 orcs
  A bat skeleton (D:2)
  5 giant cockroaches
  8 goblins
  3 hobgoblins
  6 jackals
  6 quokkas
  3 ball pythons
  5 bats
  6 frilled lizards
  A jackal zombie (D:7)
  15 kobolds
  A quokka skeleton (D:8)
  3 rats
  2 crawling corpses (Vaults:5)
  A fungus (Lair:5)
  14 plants
  2 starspawn tentacles
2783 creatures vanquished.

Vanquished Creatures (collateral kills)
  A dancing weapon (Elf:2)
1 creature vanquished.

Vanquished Creatures (others)
  A fire giant (Depths:3)
  A dancing weapon (Elf:1)
  An adder (D:5)
  4 white imps (IceCv)
  3 ufetubi (IceCv)
  A dart slug (D:5)
  An orc (D:5)
  12 bushes (Lair:1)
  4 fungi
  42 plants
  4 starspawn tentacles
74 creatures vanquished.

Grand Total: 2858 creatures vanquished

Notes
Turn   | Place    | Note
-------+----------+-------------------------------------------
     0 | D:1      | Duffy the Naga Wizard began the quest for the Orb.
     0 | D:1      | Reached XP level 1. HP: 15/15 MP: 4/4
   514 | D:1      | Reached XP level 2. HP: 22/22 MP: 0/6
   982 | D:2      | Found an ornate altar of the Wu Jian Council.
   985 | D:2      | Found a transporter.
  1029 | D:2      | Found a transporter.
  1111 | D:2      | Reached XP level 3. HP: 28/28 MP: 0/7
  1116 | D:2      | Learned a level 3 spell: Conjure Flame
  1120 | D:2      | Learned a level 3 spell: Mephitic Cloud
  1288 | D:2      | Found a glowing golden altar of the Shining One.
  1435 | D:2      | Found a shadowy altar of Dithmenos.
  1710 | D:2      | Found a bloodstained altar of Trog.
  2195 | D:2      | Reached XP level 4. HP: 35/36 MP: 9/9
  2604 | D:3      | Found a blossoming altar of Fedhas.
  2630 | D:3      | Reached skill level 4 in Spellcasting
  2731 | D:3      | Found a runed door.
  2733 | D:3      | Noticed mopl's ghost (amateur DsFi)
  3247 | D:3      | Reached XP level 5. HP: 27/42 MP: 5/11
  3573 | D:4      | Noticed an ogre
  3584 | D:4      | Killed an ogre
  3584 | D:4      | Reached XP level 6. HP: 49/49 MP: 1/13
  3683 | D:4      | Learned a level 2 spell: Blink
  3686 | D:4      | Learned a level 2 spell: Call Imp
  3752 | D:4      | Got a jewelled falchion
  3753 | D:4      | Identified the +10 falchion "Becwyboe" {holy, rElec rPois
                  | MP+9 Int-4} (You found it on level 4 of the Dungeon)
  3952 | D:4      | Reached skill level 1 in Fighting
  4023 | D:4      | Reached skill level 5 in Spellcasting
  4392 | D:4      | Reached XP level 7. HP: 47/61 MP: 14/14
  4584 | D:3      | Killed mopl's ghost
  4882 | D:2      | Learned a level 3 spell: Stone Arrow
  4929 | D:5      | Entered Level 5 of the Dungeon
  4975 | D:5      | Found a snail-covered altar of Cheibriados.
  4976 | D:5      | Found an opulent altar of Gozag.
  4977 | D:5      | Found a sacrificial altar of Ru.
  4977 | D:5      | Found a hazy altar of Hepliaklqana.
  4987 | D:5      | Reached skill level 5 in Conjurations
  5149 | D:5      | Found a shimmering altar of Xom.
  5155 | D:5      | Reached skill level 1 in Earth Magic
  5169 | D:5      | Reached XP level 8. HP: 72/72 MP: 16/16
  5227 | D:5      | Found a stormy altar of Qazlal.
  5834 | D:6      | Reached skill level 5 in Fighting
  5834 | D:6      | Reached skill level 6 in Spellcasting
  6183 | D:6      | Found a burning altar of Makhleb.
  6184 | D:6      | Found a radiant altar of Vehumet.
  6192 | D:6      | Became a worshipper of Vehumet
  6954 | D:7      | Reached XP level 9. HP: 39/82 MP: 18/18
  7172 | D:7      | Found a staircase to the Ecumenical Temple.
  7185 | Temple   | Entered the Ecumenical Temple
  7269 | D:7      | Found a deep blue altar of Sif Muna.
  7677 | D:7      | Found a bloodstained altar of Trog.
  8161 | D:7      | Found Guys's Jewellery Shop.
  8380 | D:9      | Reached * piety under Vehumet
  8380 | D:9      | Offered knowledge of Shock by Vehumet.
  8380 | D:9      | Reached skill level 7 in Spellcasting
  8786 | D:9      | Found a hide-covered altar of Uskayaw.
  8814 | D:9      | Noticed a +0 dagger
  8814 | D:9      | Noticed a +0 dagger
  8831 | D:9      | Found a staircase to the Orcish Mines.
  9161 | D:9      | Noticed a cyclops
  9191 | D:9      | Killed a cyclops
  9191 | D:9      | Reached skill level 5 in Earth Magic
  9191 | D:9      | Reached XP level 10. HP: 94/94 MP: 14/21
  9539 | D:9      | Noticed an unseen horror
  9539 | D:9      | Noticed a two-headed ogre
  9546 | D:9      | Killed an unseen horror
  9551 | D:9      | Killed a two-headed ogre
  9551 | D:9      | Reached skill level 8 in Spellcasting
  9779 | D:9      | Noticed Erica
  9786 | D:9      | Killed Erica
  9968 | D:9      | Found an iron altar of Okawaru.
 10386 | D:8      | Noticed a two-headed ogre
 10402 | D:8      | Killed a two-headed ogre
 10410 | D:8      | Reached XP level 11. HP: 96/106 MP: 2/23
 10675 | D:8      | Identified the +11 shortbow of Jiwkul {velocity, *Contam
                  | rN+ Int+6}
 10965 | D:8      | Identified the ring "Xyutick" {Fire MP+9 Int+8 Dex+3
                  | Slay-3}
 10973 | D:8      | Reached ** piety under Vehumet
 11239 | D:8      | Offered knowledge of Sting by Vehumet.
 11316 | D:7      | Reached skill level 9 in Spellcasting
 11632 | D:8      | Noticed an ogre mage
 11644 | D:8      | Killed an ogre mage
 12242 | D:8      | Offered knowledge of Ignite Poison by Vehumet.
 12264 | D:8      | Found a staircase to the Lair.
 12381 | D:8      | Reached *** piety under Vehumet
 12585 | D:10     | Entered Level 10 of the Dungeon
 13148 | D:10     | Offered knowledge of Throw Icicle by Vehumet.
 13154 | D:10     | Reached skill level 10 in Fighting
 13221 | D:10     | Reached skill level 10 in Conjurations
 13484 | D:10     | Reached **** piety under Vehumet
 13940 | Lair:1   | Entered Level 1 of the Lair of Beasts
 13963 | Lair:1   | Noticed an eight-headed hydra
 13970 | Lair:1   | Killed an eight-headed hydra
 13970 | Lair:1   | Reached skill level 10 in Spellcasting
 13974 | Lair:1   | Reached skill level 1 in Fire Magic
 14501 | Lair:1   | Noticed a five-headed hydra
 14509 | Lair:1   | Killed a five-headed hydra
 14509 | Lair:1   | Reached XP level 12. HP: 31/116 MP: 22/26
 14844 | Lair:1   | Offered knowledge of Bolt of Draining by Vehumet.
 14894 | Lair:1   | Learned a level 5 spell: Bolt of Draining
 15337 | Lair:1   | Reached skill level 1 in Necromancy
 15480 | Lair:1   | Got a faintly glowing scale mail
 15804 | Lair:1   | Reached skill level 5 in Fire Magic
 16436 | Lair:2   | Identified the +1 scale mail "Nizasseh" {rElec rF+++ Int-3}
                  | (You found it on level 1 of the Lair of Beasts)
 16731 | Lair:1   | Reached skill level 11 in Spellcasting
 17325 | Lair:2   | Reached ***** piety under Vehumet
 17327 | Lair:2   | Offered knowledge of Bolt of Fire by Vehumet.
 17388 | Lair:1   | Learned a level 6 spell: Bolt of Fire
 17487 | Lair:2   | Noticed Fannar
 17503 | Lair:2   | Killed Fannar
 17503 | Lair:2   | Reached skill level 5 in Necromancy
 17669 | Lair:2   | Found a staircase to the Shoals.
 17933 | Lair:2   | Noticed a five-headed hydra
 17936 | Lair:2   | Killed a five-headed hydra
 17936 | Lair:2   | Gained mutation: You can use your snake-like lower body to
                  | constrict enemies. [Naga growth]
 17936 | Lair:2   | Reached XP level 13. HP: 123/123 MP: 28/28
 18947 | Lair:3   | Found a staircase to the Snake Pit.
 18963 | Lair:3   | You fall through a shaft for 2 floors!
 21984 | Lair:5   | Offered knowledge of Poison Arrow by Vehumet.
 22068 | Lair:5   | Learned a level 6 spell: Poison Arrow
 22207 | Lair:5   | Got an iridescent lajatang
 22211 | Lair:5   | Reached skill level 12 in Spellcasting
 23207 | Lair:6   | Entered Level 6 of the Lair of Beasts
 23428 | Lair:6   | Found an ancient bone altar of Kikubaaqudgha.
 23435 | Lair:6   | Found a staircase to the Slime Pits.
 23435 | Lair:6   | Found a viscous altar of Jiyva.
 23452 | Lair:6   | Reached skill level 1 in Evocations
 23452 | Lair:6   | Reached XP level 14. HP: 121/132 MP: 30/30
 24770 | Lair:6   | Reached skill level 10 in Fire Magic
 24897 | Lair:6   | Reached skill level 5 in Evocations
 24971 | Lair:6   | Got a sparkling golden ring
 24988 | Lair:6   | Identified the ring of Xom's Brutal Revenge {Ice Str+8}
                  | (You found it on level 6 of the Lair of Beasts)
 24999 | Lair:6   | Identified the +8 lajatang "Liawn" {slice, +Rage rPois}
                  | (You found it on level 5 of the Lair of Beasts)
 25606 | Orc:1    | Entered Level 1 of the Orcish Mines
 26316 | Orc:2    | Entered Level 2 of the Orcish Mines
 26660 | Orc:2    | Offered knowledge of Iskenderun's Battlesphere by Vehumet.
 27622 | Orc:2    | Found Fostoilu's Book Shoppe.
 27622 | Orc:2    | Found Gaagap's Gadget Shop.
 28034 | Orc:2    | Found a roughly hewn altar of Beogh.
 28049 | Orc:2    | Found Deemekh's Food Shop.
 28049 | Orc:2    | Found Vaymuaxt's General Store.
 28279 | Orc:2    | Found a staircase to the Elven Halls.
 28569 | Orc:2    | Found Filles's Magic Scroll Shoppe.
 28577 | Orc:2    | Bought a scroll of fog for 20 gold pieces
 28577 | Orc:2    | Bought a scroll of summoning for 95 gold pieces
 28577 | Orc:2    | Bought a scroll of identify for 20 gold pieces
 28577 | Orc:2    | Bought a scroll of identify for 20 gold pieces
 28616 | Orc:2    | Bought a scroll of identify for 26 gold pieces
 28616 | Orc:2    | Bought a scroll of immolation for 45 gold pieces
 28616 | Orc:2    | Bought a potion of heal wounds for 65 gold pieces
 28717 | D:11     | Noticed Snorg
 28719 | D:11     | Killed Snorg
 28805 | D:11     | Noticed Josephine
 28810 | D:11     | Killed Josephine
 28811 | D:11     | Offered knowledge of Bolt of Magma by Vehumet.
 29267 | D:11     | Reached skill level 13 in Spellcasting
 29577 | D:11     | Reached XP level 15. HP: 138/138 MP: 18/32
 29973 | D:11     | You fall through a shaft for 3 floors!
 29980 | D:14     | Noticed Louise
 30361 | D:12     | Noticed Kirke
 30366 | D:12     | Killed Kirke
 30480 | D:12     | Offered knowledge of Iron Shot by Vehumet.
 30490 | D:12     | Learned a level 6 spell: Iron Shot
 30669 | D:12     | Found Edwum's Gadget Shoppe.
 30780 | D:12     | Found Ygax's Antique Armour Boutique.
 30974 | D:12     | Found Mac Jeny's Antique Weapon Emporium.
 31728 | D:13     | Found a gate to the Vaults.
 31999 | D:13     | Found a portal to a secret trove of treasure.
 32349 | D:14     | Noticed Nessos
 32351 | D:14     | Killed Nessos
 32789 | D:13     | Killed Louise
 32789 | D:13     | Reached skill level 14 in Spellcasting
 33117 | D:13     | Reached skill level 1 in Shields
 33853 | D:15     | Entered Level 15 of the Dungeon
 34268 | D:15     | Noticed Rupert
 34275 | D:15     | Killed Rupert
 34485 | D:15     | Reached XP level 16. HP: 146/146 MP: 34/34
 34604 | D:15     | Reached ****** piety under Vehumet
 34673 | D:15     | Noticed Acyxumon's ghost (journeyman DDFi)
 34676 | D:15     | Found a transporter.
 34676 | D:15     | Identified the +11 great mace of the Pharaoh's Fist {holy,
                  | Fragile rC+ MR++ Int+4}
 34683 | D:15     | Found a transporter.
 34858 | D:15     | Found a staircase to the Depths.
 35152 | D:15     | Reached skill level 15 in Conjurations
 35168 | D:15     | Offered knowledge of Orb of Destruction by Vehumet.
 36049 | D:15     | Killed Acyxumon's ghost
 36084 | D:15     | Identified Easy Witchcraft
 36400 | Elf:1    | Entered Level 1 of the Elven Halls
 36578 | Elf:1    | Reached skill level 5 in Shields
 36767 | Elf:1    | Found Faisuuc's Gadget Shop.
 36853 | Elf:1    | Found Xusicepoc's Armour Boutique.
 36882 | Elf:1    | Reached skill level 15 in Spellcasting
 37379 | Elf:1    | Identified Ibryas's Tome of Summoning
 37397 | Elf:1    | Found Iskurof's Book Emporium.
 37402 | Elf:1    | Offered knowledge of Conjure Ball Lightning by Vehumet.
 37816 | Elf:1    | Noticed Asterion
 37819 | Elf:1    | Killed Asterion
 37965 | Elf:1    | Noticed Azrael
 37974 | Elf:1    | Killed Azrael
 38340 | Elf:1    | Reached XP level 17. HP: 133/153 MP: 32/36
 39005 | D:7      | Bought an uncursed amulet of magic regeneration for 360
                  | gold pieces
 39995 | Elf:2    | Reached skill level 16 in Spellcasting
 40092 | Elf:2    | Found Juvich's Mass Market.
 40422 | Elf:2    | Found a huge runed gate.
 40422 | Elf:2    | Found a huge runed gate.
 40423 | Elf:2    | Found a huge runed gate.
 40426 | Elf:2    | Found a huge runed gate.
 40429 | Elf:2    | Found a huge runed gate.
 40512 | Elf:2    | Found Hosi's Weapon Boutique.
 40764 | Elf:3    | Entered Level 3 of the Elven Halls
 40976 | Elf:3    | Noticed Saint Roka
 41038 | Elf:3    | Killed Saint Roka
 41126 | Elf:3    | Found the +2 cloak of the Thief {+Fog Slay-2 SInv Stlth+}
 41377 | Elf:3    | Found a deep blue altar of Sif Muna.
 41918 | D:7      | Bought an uncursed ring of protection from magic for 300
                  | gold pieces
 42208 | Elf:3    | Reached XP level 18. HP: 160/160 MP: 36/38
 42464 | Elf:3    | Noticed a deep elf master archer
 42477 | Elf:3    | Killed a deep elf master archer
 42667 | Elf:3    | Reached skill level 17 in Spellcasting
 42669 | Elf:3    | Identified the ring of Limitation {Fire *Drain Str+6}
 42859 | Elf:3    | Identified the +5 falchion of Bankruptcy {holy, rElec MR+++
                  | Str-5 Dex-2}
 42947 | Elf:3    | Noticed a deep elf master archer
 42950 | Elf:3    | Killed a deep elf master archer
 43015 | Elf:3    | Reached skill level 10 in Evocations
 43042 | Elf:3    | Noticed a deep elf blademaster
 43047 | Elf:3    | Killed a deep elf blademaster
 43366 | Elf:3    | Found the +0 sword of Power
 43767 | Elf:3    | Identified Sif Muna's Papyrus of Torrid Combat Magic
 44044 | Elf:3    | Learned a level 8 spell: Ignition
 44363 | Snake:1  | Entered Level 1 of the Snake Pit
 44595 | Snake:1  | Reached skill level 18 in Spellcasting
 44890 | Snake:1  | Found Veyklien's General Store.
 44902 | Snake:1  | Bought a potion of agility for 72 gold pieces
 44902 | Snake:1  | Bought a scroll of identify for 36 gold pieces
 45031 | Snake:1  | Identified Roxanne's Volume of Transmutation
 45031 | Snake:1  | Noticed Roxanne
 45044 | Snake:1  | Killed Roxanne
 45464 | Snake:1  | Reached XP level 19. HP: 164/168 MP: 12/41
 46036 | Snake:2  | Offered knowledge of Lehudib's Crystal Spear by Vehumet.
 46036 | Snake:2  | Offered knowledge of Glaciate by Vehumet.
 46036 | Snake:2  | Offered knowledge of Chain Lightning by Vehumet.
 46081 | Snake:2  | Noticed Nikola
 46085 | Snake:2  | Killed Nikola
 46754 | Snake:2  | You fall through a shaft!
 48550 | Snake:4  | Entered Level 4 of the Snake Pit
 49809 | Snake:4  | Found a runed door.
 49809 | Snake:4  | Noticed Wosoitawn's ghost (adept DESu)
 50336 | Snake:4  | Killed Wosoitawn's ghost
 50957 | Snake:4  | Reached XP level 20. HP: 173/176 MP: 42/42
 50977 | Snake:4  | Reached skill level 19 in Spellcasting
 51645 | Snake:4  | Got a serpentine rune of Zot
 51681 | Snake:4  | Reached skill level 15 in Fire Magic
 51950 | Slime:1  | Entered Level 1 of the Pits of Slime
 52941 | Slime:4  | Reached XP level 21. HP: 44/183 MP: 44/44
 53406 | Slime:4  | Learned a level 8 spell: Lehudib's Crystal Spear
 53450 | Slime:5  | Entered Level 5 of the Pits of Slime
 53584 | Slime:5  | Gained mutation: Your body sometimes deteriorates upon
                  | taking damage. [a shining eye]
 53585 | Slime:5  | Noticed the Royal Jelly
 53590 | Slime:5  | Killed the Royal Jelly
 53680 | Slime:5  | Reached skill level 20 in Spellcasting
 53876 | Slime:5  | Got a slimy rune of Zot
 53894 | Slime:5  | Identified Ixzykkav's Disquisition on Nocuous Beguiling
 54336 | Slime:5  | Identified the +2 helmet of Hedging {rElec MR- Str+7 Int+4}
                  | (You found it on level 5 of the Pits of Slime)
 54460 | Lair:6   | Lost mutation: Your body sometimes deteriorates upon taking
                  | damage. [potion of mutation]
 54460 | Lair:6   | Gained mutation: You are agile. (Dex +2) [potion of
                  | mutation]
 54460 | Lair:6   | Gained mutation: You are somewhat resistant to further
                  | mutation. [potion of mutation]
 54586 | Shoals:1 | Entered Level 1 of the Shoals
 54660 | Shoals:1 | Found Juojexej's Weapon Boutique.
 55439 | Shoals:1 | You fall through a shaft!
 55932 | Shoals:2 | Found Naobi's General Store.
 55947 | Shoals:2 | Noticed Ilsuiw
 55958 | Shoals:2 | Killed Ilsuiw
 56814 | Shoals:3 | Reached skill level 10 in Earth Magic
 57237 | Shoals:3 | Reached XP level 22. HP: 190/190 MP: 46/46
 57278 | Shoals:3 | Found Engy's Assorted Antiques.
 57286 | Shoals:3 | Bought a scroll labeled XAHEDYIMUTS for 25 gold pieces
 57622 | Shoals:4 | Entered Level 4 of the Shoals
 57658 | Shoals:4 | Found a frozen archway.
 57673 | IceCv    | Entered an ice cave
 58313 | Shoals:4 | Got a barnacled rune of Zot
 58425 | Shoals:4 | Identified the cursed +0 cloak "Juemn" {SInv} (You found it
                  | on level 4 of the Shoals)
 58490 | Shoals:4 | Learned a level 3 spell: Regeneration
 58502 | Shoals:4 | Learned a level 1 spell: Apportation
 59028 | Shoals:4 | Reached skill level 21 in Spellcasting
 59103 | Shoals:4 | Got a glittering turquoise ring
 59104 | Shoals:4 | Identified the ring "Limuergh" {MR+ Int+2 Dex-4 Slay+3}
                  | (You found it on level 4 of the Shoals)
 59181 | Shoals:4 | Found the +0 pair of fencer's gloves {Riposte Dex+3}
 59591 | Elf:1    | Bought a book of Enchantments for 900 gold pieces
 59598 | Elf:1    | Learned a level 6 spell: Deflect Missiles
 59831 | Vaults:1 | Entered Level 1 of the Vaults
 61576 | Vaults:2 | Found a staircase to the Crypt.
 61576 | Vaults:2 | Found a basalt altar of Yredelemnul.
 61577 | Vaults:2 | Found an ancient bone altar of Kikubaaqudgha.
 61709 | Vaults:2 | Reached XP level 23. HP: 198/198 MP: 48/48
 61778 | Vaults:2 | Identified a scroll of acquirement
 62022 | Vaults:2 | Reached skill level 1 in Charms
 62595 | Vaults:3 | Reached skill level 5 in Charms
 62605 | Vaults:3 | Found a magical portal.
 62647 | WizLab   | Entered The Roulette of Golubria
 62647 | WizLab   | Found a transporter.
 62650 | WizLab   | Found a corrupted altar of Lugonu.
 62711 | WizLab   | Found a transporter.
 62804 | WizLab   | Found a transporter.
 62838 | WizLab   | Found a transporter.
 62846 | WizLab   | Found a corrupted altar of Lugonu.
 62850 | WizLab   | Found a transporter.
 62913 | WizLab   | Found a transporter.
 62944 | WizLab   | Found a transporter.
 62981 | WizLab   | Found a transporter.
 63107 | WizLab   | Found a transporter.
 63107 | WizLab   | Found a transporter.
 63117 | WizLab   | Found a transporter.
 63117 | WizLab   | Found a transporter.
 63165 | WizLab   | Found a transporter.
 63165 | WizLab   | Found a transporter.
 63255 | WizLab   | Found a transporter.
 63462 | WizLab   | Got a jewelled cloak
 63488 | WizLab   | Got a twisted cloak
 63512 | WizLab   | Identified the +1 cloak of the Raven {rF+ rN+ MR- Int+3
                  | SInv} (You found it in a wizard's laboratory)
 63513 | WizLab   | Identified the +2 cloak of Lujeemna {rC+} (You found it in
                  | a wizard's laboratory)
 63579 | WizLab   | Found a transporter.
 63728 | WizLab   | Found a transporter.
 63785 | WizLab   | Found a transporter.
 63787 | WizLab   | Reached skill level 22 in Spellcasting
 63849 | WizLab   | Found a transporter.
 63849 | WizLab   | Found a transporter.
 64024 | WizLab   | Identified Kiynoup's Disquisition on Displacement
 64218 | Vaults:3 | Learned a level 8 spell: Controlled Blink
 65507 | Vaults:4 | Reached skill level 5 in Translocations
 66684 | Vaults:5 | Entered Level 5 of the Vaults
 66685 | Vaults:5 | Reached XP level 24. HP: 206/206 MP: 49/49
 66976 | Depths:1 | Entered Level 1 of the Depths
 67349 | Depths:1 | Learned a level 2 spell: Sublimation of Blood
 67351 | Depths:1 | Reached skill level 10 in Translocations
 67634 | Depths:1 | Found a gateway to Hell.
 67943 | Depths:1 | Found a gateway to a ziggurat.
 67943 | Depths:1 | Noticed an ancient lich
 67943 | Depths:1 | Noticed an ancient lich
 69460 | Depths:2 | Reached skill level 23 in Spellcasting
 70147 | Depths:4 | Reached XP level 25. HP: 196/212 MP: 37/50
 71094 | Depths:4 | Found a one-way gate leading to the halls of Pandemonium.
 71717 | Depths:4 | Found a one-way gate to the infinite horrors of the Abyss.
 72082 | Depths:5 | Entered Level 5 of the Depths
 72595 | Depths:5 | Reached skill level 15 in Translocations
 72750 | Depths:5 | Identified the +4 plate armour of Refuge {MP+9 Dex+2} (You
                  | found it on level 5 of the Depths)
 73501 | Depths:5 | Identified the cursed +3 scimitar of Lupetesu {venom,
                  | *Drain Int+3 Dex+5}
 73650 | Depths:5 | Found a gate to the Realm of Zot.
 74284 | Vaults:5 | Reached XP level 26. HP: 220/220 MP: 48/50
 74384 | Vaults:5 | Reached skill level 24 in Spellcasting
 74386 | Vaults:5 | Identified the +2 robe of Emavisix {Dex+3}
 74719 | Vaults:5 | Found Lawan's Antique Armour Boutique.
 75113 | Vaults:5 | Identified the ring of the Establishment {+Fly rN+ EV+1
                  | Int-5}
 75123 | Vaults:5 | Identified the amulet of Foankaeg {RegenMP Stlth+}
 75128 | Vaults:5 | Reached skill level 5 in Dodging
 75348 | Vaults:5 | Got a warped glass ring
 75527 | Vaults:5 | Identified the ring "Usimmiyrr" {rCorr MR+} (You found it
                  | on level 5 of the Vaults)
 75552 | Vaults:5 | Identified the cursed +1 quarterstaff of Karma {antimagic,
                  | rElec MR+ Str+4}
 75813 | Vaults:5 | Found the +3 Elemental Staff {rElec rF++ rC++ MR++ AC+5}
 75817 | Vaults:5 | Identified Sif Muna's Almanac of Captivating Evil
 75829 | Vaults:5 | Identified the Handbook of the Frostbite and Companions
 75843 | Vaults:5 | Got a silver rune of Zot
 77056 | Vaults:5 | Got a smelly ring mail
 77057 | Vaults:5 | Identified the +6 ring mail of Intuition {Dex+2 Stlth+}
                  | (You acquired it on level 5 of the Vaults)
 77210 | Crypt:1  | Entered Level 1 of the Crypt
 77216 | Crypt:1  | Reached XP level 27. HP: 235/235 MP: 45/51
 77764 | Crypt:3  | Entered Level 3 of the Crypt
 77805 | Crypt:3  | Noticed an ancient lich
 77808 | Crypt:3  | Killed an ancient lich
 78028 | Crypt:3  | Identified the cursed +0 helmet of Unambiguity {MR+ Int-3
                  | Dex+4} (You found it on level 3 of the Crypt)
 78106 | Crypt:3  | Found a staircase to the Tomb.
 78185 | Crypt:3  | Found a runed gate.
 78185 | Crypt:3  | Found a runed gate.
 78185 | Crypt:3  | Found a runed gate.
 78248 | Crypt:3  | Reached skill level 25 in Spellcasting
 78388 | Crypt:3  | Found a basalt altar of Yredelemnul.
 78445 | Crypt:3  | Noticed an ancient lich
 78453 | Crypt:3  | Killed an ancient lich
 79281 | Crypt:3  | Got a wavering golden ring
 79281 | Crypt:3  | Got a pitted tin ring
 79404 | Crypt:3  | Found a basalt altar of Yredelemnul.
 79689 | Crypt:3  | Identified the ring of Law {rPois rN+ Str+2 Dex-4 SInv}
                  | (You found it on level 3 of the Crypt)
 79691 | Crypt:3  | Identified the ring "Ogiuhelergh" {rC- rN+ Dex+4} (You
                  | found it on level 3 of the Crypt)
 79727 | Crypt:3  | Identified the +0 broad axe "Diqizal" {holy, Str+3 Int+2
                  | Dex+4 Stlth-} (You found it on level 3 of the Crypt)
 81134 | Depths:1 | Killed an ancient lich
 81136 | Depths:1 | Killed an ancient lich
 81136 | Depths:1 | Reached skill level 10 in Dodging
 81201 | Zig:1    | Entered Level 1 of a ziggurat
 81237 | Zig:1    | Learned a level 9 spell: Glaciate
 81238 | Zig:2    | Entered Level 2 of a ziggurat
 81279 | Zig:3    | Entered Level 3 of a ziggurat
 81364 | Zig:4    | Entered Level 4 of a ziggurat
 81364 | Zig:4    | Found the +18 shield of the Gong {rElec rN+ MR+ EV-5}
 81376 | Zig:4    | Got a sparkling iron amulet
 81414 | Zig:5    | Entered Level 5 of a ziggurat
 81415 | Zig:5    | Noticed Xiam Evi the pandemonium lord
 81420 | Zig:5    | Killed Xiam Evi the pandemonium lord
 81424 | Zig:5    | Reached skill level 15 in Fighting
 81485 | Zig:6    | Entered Level 6 of a ziggurat
 81491 | Zig:6    | Reached skill level 1 in Ice Magic
 81502 | Zig:6    | Got a pair of twisted gloves
 81526 | Zig:6    | Identified the amulet of the Princess {Gourm Int+4 Slay+2}
                  | (You found it on level 4 of a ziggurat)
 81528 | Zig:6    | Identified the cursed +0 pair of gloves of the Neverending
                  | Coins {Dex+2} (You found it on level 6 of a ziggurat)
 81532 | Zig:7    | Entered Level 7 of a ziggurat
 81778 | Zig:8    | Entered Level 8 of a ziggurat
 81861 | Zig:8    | Learned a level 9 spell: Shatter
 81890 | Zig:9    | Entered Level 9 of a ziggurat
 81901 | Zig:9    | Noticed a greater mummy
 81905 | Zig:9    | Killed a greater mummy
 81914 | Zig:9    | Identified the Almanac of Confrontation
 82185 | Zig:10   | Entered Level 10 of a ziggurat
 82193 | Zig:10   | Noticed an ancient lich
 82196 | Zig:10   | Killed an ancient lich
 82238 | Zig:10   | Got a slimy hat
 82239 | Zig:10   | Identified the cursed +0 hat "Geskuttosch" {Dex+7} (You
                  | found it on level 10 of a ziggurat)
 82478 | Zig:10   | Got a fine ring mail
 82489 | Zig:10   | Identified the cursed +1 ring mail of the Tormentor {rN++
                  | Int-5 Stlth+} (You found it on level 10 of a ziggurat)
 82513 | Zig:11   | Entered Level 11 of a ziggurat
 82667 | Zig:12   | Entered Level 12 of a ziggurat
 82675 | Zig:12   | Reached skill level 15 in Earth Magic
 82675 | Zig:12   | Reached skill level 26 in Spellcasting
 82681 | Zig:12   | Found the macabre finger necklace {rN+}
 82725 | Zig:12   | Identified the Papyrus of Summoning
 82796 | Zig:13   | Entered Level 13 of a ziggurat
 82815 | Zig:13   | Identified the Tome of Boosting Venom
 82821 | Zig:13   | Got a brightly glowing ring mail
 82875 | Zig:13   | Got a steaming hunting sling
 82890 | Zig:13   | Identified the +1 ring mail of Pantheism {MR- Dex+3 Stlth+}
                  | (You found it on level 13 of a ziggurat)
 82904 | Zig:13   | Identified the +8 hunting sling of Jeucerih {flame, rF-
                  | rC+++ Str+2} (You found it on level 13 of a ziggurat)
 82912 | Zig:14   | Entered Level 14 of a ziggurat
 83360 | Zig:14   | Identified the Almanac of Transformation and Protection
 83371 | Zig:14   | Got a smoking diamond amulet
 83384 | Zig:14   | Got a scorched scale mail
 83397 | Zig:14   | Identified Sif Muna's Disquisition on Companions
 83422 | Zig:14   | Identified the cursed +1 scale mail of Zaexek {rElec} (You
                  | found it on level 14 of a ziggurat)
 83440 | Zig:15   | Entered Level 15 of a ziggurat
 83451 | Zig:15   | Found the amulet of the Four Winds {rN+ MR+++ Clar}
 83530 | Zig:15   | Got a vibrating ruby amulet
 83548 | Zig:15   | Identified the amulet "Icoadgh" {Spirit rC+ Int+2} (You
                  | found it on level 14 of a ziggurat)
 83550 | Zig:15   | Identified the amulet "Hosed" {Harm *Drain rPois} (You
                  | found it on level 15 of a ziggurat)
 83613 | Zig:16   | Entered Level 16 of a ziggurat
 83619 | Zig:16   | Noticed Boaskib the pandemonium lord
 83623 | Zig:16   | Noticed Siej the pandemonium lord
 83623 | Zig:16   | Noticed Razapo the pandemonium lord
 83626 | Zig:16   | Killed Razapo the pandemonium lord
 83626 | Zig:16   | Noticed Iphuu the pandemonium lord
 83627 | Zig:16   | Noticed Duress the pandemonium lord
 83627 | Zig:16   | Noticed Jent the pandemonium lord
 83629 | Zig:16   | Noticed Gomyfe the pandemonium lord
 83630 | Zig:16   | Paralysed by Gomyfe for 6 turns
 83634 | Zig:16   | Blown up by Jent the pandemonium lord

Vault maps used:
D:1:      tarquinn_simple_flora_water_d
D:2:      nicolae_overflow_crystal_walls, lemuel_coloured_pillars_altar,
          gammafunk_temple_overflow_arena, grunt_dithmenos_smoke
D:3:      fedhas_altar_4, hellmonk_ghost_happy_afterlife,
          minmay_misc_feat_square, roderic_lattice_a
D:5:      nicolae_qazlal_eye_of_the_storm,
          chequers_temple_overflow_statue_of_worship, xom_confusion_cloud,
          first_ration
D:6:      grunt_temple_overflow_lords_of_destruction
D:7:      old_standard_altar, temple_pool_b, serial_shops, shop_fountains,
          the_bakery, minivault_1, minmay_misc_feat_roman, lemuel_tele_altar
D:8:      minmay_the_grid_square_5x5_3x3
D:9:      dancing_weapons_uskayaw, kennysheep_mini, orc_0_dummy, uniq_erica
D:11:     uniq_josephine, uniq_snorg
D:12:     serial_shops, shop_fountains, shop, shop, uniq_kirke
D:13:     erik_vaults_1, nicolae_trove_entry_free_sample
D:14:     uniq_nessos, uniq_louise
D:15:     grunt_enter_depths_snipers, gammafunk_ghost_smash, uniq_rupert
Temple:   corrupted_temple
Lair:1:   beast_lair_carwin_large_1, chequers_serial_rivers_small_b,
          disabler_island, grunt_megastairs_1
Lair:2:   minmay_shoals_entry_centaurs, st_stairs_12,
          hangedman_lair_unloving_vines, uniq_fannar
Lair:3:   dummy_snake_entry, chequers_serial_rivers_small_b, grunt_megastairs_3
Lair:4:   grunt_megastairs_2
Lair:6:   grunt_lair_end_beastmaster, slime_altar_1, basic_altar,
          serial_bayou_pond_d, infiniplex_staircase_pool
Shoals:1: serial_shops, shop, nicolae_shoals_wave_tunnel
Shoals:2: nicolae_shoals_island_circles, serial_shops, shop, uniq_ilsuiw
Shoals:3: serial_shops, nicolae_shop_overgrown_old_shop, kb_tengu_band
Shoals:4: shoals_end_grunt_ice, portal_ice_cave_entry_frozen_things
Snake:1:  cheibrodos_snake_lava_hold, serial_shops, shop, uniq_roxanne
Snake:2:  uniq_nikola
Snake:4:  snake_pit_salamanders_mu, gammafunk_ghost_grave, grunt_ministairs_10,
          serial_bayou_ford_a
Slime:1:  basic_altar
Slime:2:  cheibrodos_slime_lost_civilization_4
Orc:2:    st_orc_town, serial_shops, shop
Elf:1:    elf_arrival_001, serial_shops, nicolae_shop_stone,
          minmay_elf_demonology, minmay_shoptagon, uniq_asterion, uniq_azrael
Elf:2:    serial_shops, shop, minmay_shop_mass
Elf:3:    minmay_elf_hall_hex, basic_altar, uniq_saint_roka
Vaults:1: v_misc_14, ontoclasm_vaults_shout, v_pattern_3,
          nicolae_vaults_alarming, nicolae_vaults_little_squares_4, v_misc_19,
          vaults_room_grid, hangedman_vaults_river_flow,
          ontoclasm_vaults_ring_square, nicolae_vaults_hallways_thing
Vaults:2: minmay_crypt_entry_necro_gods, ontoclasm_vaults_eye,
          nicolae_vaults_puzzle_piece, nicolae_vaults_mini_display_case,
          hangedman_vaults_stitches, grunt_vaults_hallway_short,
          ontoclasm_vaults_idyll, nicolae_vaults_network_s, v_misc_33,
          v_misc_22, v_misc_22, vaults_room_stairs_pillars,
          ontoclasm_vaults_ligature
Vaults:3: vaults_room_semicircle, v_misc_19, special_room_vaults,
          ontoclasm_vaults_spin, ontoclasm_vaults_chip, v_alt_pattern_1,
          vaults_dpeg_hooks, infiniplex_enter_wizlab_glasses
Vaults:4: grunt_vaults_funnel, vaults_room_fancy_cross, vaults_dpeg_diagonal,
          v_misc_26, grunt_vaults_hallway_short,
          nicolae_vaults_little_squares_1, hangedman_vaults_stream,
          ontoclasm_vaults_ring_small, hangedman_vaults_slice, v_misc_31,
          grunt_vaults_focal, vaults_room_stairs_pillars,
          nicolae_vaults_yaktaur_gun_rack
Crypt:1:  hex_medium
Crypt:2:  st_stairs_10, grunt_ministairs_6, small_chamber_with_monster
Crypt:3:  church_of_pain_bobbens, nicolae_tomb_entry_unfolded_pyramid_diagonal,
          basic_altar, pandoras_box_mu
Depths:1: enter_ziggurat_c, pf_coc_iceberg, grunt_decor_clamped,
          chequers_serial_rivers_small_a, hangedman_decor_slide_cut,
          spider_trap, corexii_leaking_fountain, minmay_misc_feat_plants,
          dispersion_dpeg
Depths:2: nicolae_legendary_halls, grunt_decor_mini_mirrors, hell_entry,
          corner_web_ring, serial_bayou_shore_b, infiniplex_staircase_pool_2
Depths:3: wad_lake_hut, pan_entry, abyss_entry, bh_chokoban,
          grunt_hell_entry_dis_old, skrybe_limestone_x
Depths:4: hangedman_cross_stitches, nicolae_abyss_entry_one_way_or_another,
          grunt_metal_band, pan_entry, chequers_serial_rivers_small_a,
          chequers_serial_rivers_micro_e, infiniplex_staircase_trident,
          firewood_loft
Depths:5: evilmike_zot_entry_round, hell_entry, abyss_entry,
          minmay_misc_feat_ornament, st_stairs_6, minmay_metal_thing,
          serial_bayou_shore_a
Zig:3:    ziggurat_pillar_centre_c
Zig:10:   ziggurat_pillar_centre_drop
Zig:12:   ziggurat_pillar_centre_dead_trees
IceCv:    ice_cave_small_demon
WizLab:   wizlab_golubria

Skill      XL: |  1  2  3  4  5  6  7  8  9 10 11 12 13 14 15 16 17 18 19 20 21 22 23 24 25 26 27 |
---------------+----------------------------------------------------------------------------------+-----
Conjurations   | 2 3 4 5 6 7 9 10 11 12 13 14 15 16 | 16.1
Spellcasting   | 4 5 6 7 8 10 11 12 13 14 15 16 18 19 20 21 22 23 24 26 | 26.8
Fighting       | 2 4 6 7 9 10 12 15 | 15.0
Earth Magic    | 1 3 5 10 13 14 16 | 16.2
Fire Magic     | 3 5 9 10 14 16 | 16.6
Necromancy     | 6 |  6.0
Evocations     | 1 6 7 10 | 10.0
Shields        | 3 6 9 |  9.0
Charms         | 5 |  5.0
Translocations | 7 12 15 16 | 16.0
Dodging        | 6 10 | 10.0
Ice Magic      | 3 |  3.8
Stealth        | |  3.0
Summonings     | |  1.0

Action                   |  1- 3 |  4- 6 |  7- 9 | 10-12 | 13-15 | 16-18 | 19-21 | 22-24 | 25-27 || total
-------------------------+-------+-------+-------+-------+-------+-------+-------+-------+-------++-------
Melee: Whip              |    33 |    13 |       |       |       |       |       |       |       ||    46
       Falchion          |       |    37 |   191 |   237 |   192 |     5 |       |       |       ||   662
       Constrict         |       |       |       |       |    49 |     1 |       |       |       ||    50
       Staff             |       |       |       |       |     2 |     1 |       |       |    11 ||    14
 Cast: Magic Dart        |    34 |    64 |    42 |       |       |       |       |       |       ||   140
       Conjure Flame     |       |     2 |     4 |    54 |    13 |       |       |       |       ||    73
       Stone Arrow       |       |       |    33 |   180 |    15 |       |       |       |       ||   228
       Mephitic Cloud    |       |       |     1 |     2 |       |       |       |       |       ||     3
       Blink             |       |       |     1 |    12 |     7 |       |     2 |       |     1 ||    23
       Bolt of Draining  |       |       |       |     4 |    75 |     2 |       |       |       ||    81
       Bolt of Fire      |       |       |       |       |   297 |   320 |   429 |   468 |   480 ||  1994
       Iron Shot         |       |       |       |       |    11 |    73 |    48 |       |       ||   132
       Ignition          |       |       |       |       |       |       |    55 |    72 |    74 ||   201
       Lehudib's Crystal |       |       |       |       |       |       |       |    81 |   143 ||   224
       Apportation       |       |       |       |       |       |       |       |     2 |     2 ||     4
       Deflect Missiles  |       |       |       |       |       |       |       |     2 |     2 ||     4
       Regeneration      |       |       |       |       |       |       |       |     1 |    10 ||    11
       Sublimation of Bl |       |       |       |       |       |       |       |       |     3 ||     3
       Controlled Blink  |       |       |       |       |       |       |       |       |     7 ||     7
       Shatter           |       |       |       |       |       |       |       |       |     5 ||     5
 Abil: Spit Poison       |     6 |     9 |       |     2 |     1 |       |       |       |       ||    18
Evoke: Wand              |       |       |     2 |       |       |    14 |       |       |    11 ||    27
       Staff of energy   |       |       |       |       |       |       |       |       |    15 ||    15
       Box of beasts     |       |       |       |       |       |       |       |       |     4 ||     4
       Sack of spiders   |       |       |       |       |       |       |       |       |     1 ||     1
  Use: Scroll            |       |       |    18 |     4 |    14 |     7 |     6 |    15 |    26 ||    90
       Potion            |       |       |     1 |       |     1 |     4 |     3 |       |     1 ||    10
 Stab: Sleeping          |     2 |     2 |     4 |       |       |       |       |       |       ||     8
  Eat: Chunk             |     3 |     6 |    13 |    21 |    50 |    16 |     6 |    15 |    15 ||   145
       Ration            |       |       |       |       |     6 |     4 |     8 |     6 |     5 ||    29
Armor: Robe              |    13 |    28 |   104 |   135 |   175 |    21 |    63 |    28 |   209 ||   776
       Skin              |       |       |    55 |       |       |       |       |       |       ||    55
Dodge: Dodged            |    17 |    54 |   128 |   211 |   256 |    21 |    50 |    38 |   126 ||   901
       Deflected         |       |       |       |       |       |       |       |    18 |    23 ||    41
Block: Large shield      |       |       |       |       |    11 |    28 |       |       |       ||    39
       Shield            |       |       |       |       |       |    34 |    90 |    79 |   288 ||   491
       Rpst.: Falchion   |       |     9 |    34 |    59 |    58 |       |       |       |       ||   160

Table legend:
 A = Non-vault XP
 B = Vault XP
 C = Vault XP percentage of total XP
 D = Non-vault monster count
 E = Vault monster count
 F = Vault count percentage of total count
                 A         B        C        D         E       F
            +---------+---------+-------+---------+---------+-------
      Total |  932714 |  700434 |  42.9 |    1864 |     882 |  32.1
            +---------+---------+-------+---------+---------+-------
        D:1 |      14 |       0 |   0.0 |       9 |       0 |   0.0
        D:2 |      76 |      80 |  51.3 |      16 |       4 |  20.0
        D:3 |     115 |     115 |  50.0 |      20 |       1 |   4.8
        D:4 |     519 |       0 |   0.0 |      23 |       0 |   0.0
        D:5 |     445 |     103 |  18.8 |      15 |       3 |  16.7
        D:6 |     723 |      50 |   6.5 |      11 |       1 |   8.3
        D:7 |     962 |     469 |  32.8 |      26 |       2 |   7.1
        D:8 |    1344 |    2685 |  66.6 |      33 |      13 |  28.3
        D:9 |    3701 |    1241 |  25.1 |      26 |       4 |  13.3
       D:10 |    2962 |       0 |   0.0 |      33 |       0 |   0.0
       D:11 |    7552 |    2790 |  27.0 |      48 |       5 |   9.4
       D:12 |    6990 |    2748 |  28.2 |      23 |       5 |  17.9
       D:13 |    7417 |    3457 |  31.8 |      25 |       3 |  10.7
       D:14 |    7849 |    1353 |  14.7 |      37 |       1 |   2.6
       D:15 |   19291 |   11602 |  37.6 |      64 |      12 |  15.8
     Lair:1 |    6961 |    4647 |  40.0 |      29 |      15 |  34.1
     Lair:2 |    6333 |    2096 |  24.9 |      26 |       8 |  23.5
     Lair:3 |    6008 |     245 |   3.9 |      19 |       2 |   9.5
     Lair:4 |    5421 |     611 |  10.1 |      22 |       3 |  12.0
     Lair:5 |    7757 |       0 |   0.0 |      27 |       0 |   0.0
     Lair:6 |    3851 |    7471 |  66.0 |      15 |      15 |  50.0
   Shoals:1 |   20342 |    1772 |   8.0 |      45 |       6 |  11.8
   Shoals:2 |   17725 |    3627 |  17.0 |      37 |       4 |   9.8
   Shoals:3 |   11797 |    1213 |   9.3 |      29 |       2 |   6.5
   Shoals:4 |   11513 |   19160 |  62.5 |      22 |      32 |  59.3
    Snake:1 |    9710 |    8292 |  46.1 |      21 |      12 |  36.4
    Snake:2 |   10317 |    3449 |  25.1 |      18 |       1 |   5.3
    Snake:3 |   18656 |     493 |   2.6 |      35 |       1 |   2.8
    Snake:4 |   23386 |   55467 |  70.3 |      41 |      76 |  65.0
    Slime:1 |   19574 |       0 |   0.0 |      35 |       0 |   0.0
    Slime:2 |    9823 |       0 |   0.0 |      14 |       0 |   0.0
    Slime:3 |   24805 |       0 |   0.0 |      45 |       0 |   0.0
    Slime:4 |   12840 |       0 |   0.0 |      27 |       0 |   0.0
    Slime:5 |   11340 |   33329 |  74.6 |      27 |      15 |  35.7
      Orc:1 |    2031 |       0 |   0.0 |      24 |       0 |   0.0
      Orc:2 |    2374 |    7717 |  76.5 |      25 |      58 |  69.9
      Elf:1 |   25989 |   12958 |  33.3 |      42 |      21 |  33.3
      Elf:2 |   33069 |   23430 |  41.5 |      50 |      30 |  37.5
      Elf:3 |    8476 |   66648 |  88.7 |      15 |      54 |  78.3
   Vaults:1 |   39802 |   16965 |  29.9 |      86 |      23 |  21.1
   Vaults:2 |   30617 |   18997 |  38.3 |      46 |      35 |  43.2
   Vaults:3 |   16161 |   12188 |  43.0 |      27 |      32 |  54.2
   Vaults:4 |   28712 |   11427 |  28.5 |      47 |      19 |  28.8
   Vaults:5 |   52830 |  141258 |  72.8 |      79 |     102 |  56.4
    Crypt:1 |   12702 |       0 |   0.0 |      18 |       0 |   0.0
    Crypt:2 |   11102 |    7892 |  41.5 |      14 |       8 |  36.4
    Crypt:3 |   28540 |   72683 |  71.8 |      27 |     106 |  79.7
   Depths:1 |   41529 |   26258 |  38.7 |      49 |       6 |  10.9
   Depths:2 |   12238 |   32398 |  72.6 |      17 |      27 |  61.4
   Depths:3 |   16355 |       0 |   0.0 |      21 |       0 |   0.0
   Depths:4 |   37305 |   22260 |  37.4 |      43 |      21 |  32.8
   Depths:5 |   32125 |   32685 |  50.4 |      38 |      23 |  37.7
      Zig:1 |    1792 |       0 |   0.0 |       2 |       0 |   0.0
      Zig:2 |    1413 |     670 |  32.2 |       3 |       1 |  25.0
      Zig:3 |    4528 |       0 |   0.0 |       3 |       0 |   0.0
      Zig:4 |    4416 |       0 |   0.0 |       8 |       0 |   0.0
      Zig:5 |   13516 |       0 |   0.0 |       4 |       0 |   0.0
      Zig:6 |    6886 |       0 |   0.0 |      11 |       0 |   0.0
      Zig:7 |    8487 |      34 |   0.4 |       9 |       1 |  10.0
      Zig:8 |    9545 |       0 |   0.0 |      17 |       0 |   0.0
      Zig:9 |   10855 |       0 |   0.0 |      20 |       0 |   0.0
     Zig:10 |   24976 |       0 |   0.0 |      14 |       0 |   0.0
     Zig:11 |   12956 |       0 |   0.0 |      22 |       0 |   0.0
     Zig:12 |   16292 |       0 |   0.0 |      28 |       0 |   0.0
     Zig:13 |   24153 |       0 |   0.0 |      22 |       0 |   0.0
     Zig:14 |   28988 |       0 |   0.0 |      34 |       0 |   0.0
     Zig:15 |   17745 |      50 |   0.3 |      41 |       1 |   2.4
     Zig:16 |   15727 |       0 |   0.0 |      11 |       0 |   0.0
      IceCv |       0 |    6628 | 100.0 |       0 |      27 | 100.0
     WizLab |     363 |   18723 |  98.1 |       4 |      41 |  91.1
            +---------+---------+-------+---------+---------+-------
